 Dungeon Crawl Stone Soup version 0.31.0-1-g2c135a008e (webtiles) character file.

Game seed: 4324864599333386341

137750 qw the Marksdjinni (level 17, -1/126 HPs)
             Began as a Djinni Hunter on Jan 23, 2024.
             Was the Champion of Okawaru.
             Slain by a water elemental (11 damage)
             ... summoned by Ilsuiw
             ... on level 3 of the Shoals.
             The game lasted 00:04:39 (25811 turns).

qw the Marksdjinni (Djinni Hunter)                 Turns: 25811, Time: 00:04:39

Health: -1/126     AC: 14    Str:  7 (10) XL:     17   Next: 84%
Gold:   2690       EV: 35    Int:  7      God:    Okawaru [******] SH:  4 Dex: 29

rFire   + + .        v - +1 triple crossbow (flame)
rCold   x . .        (shield currently unavailable)
rNeg    + + +        c - +0 troll leather armour
rPois   inf          e - +2 helmet
rElec   .            w - +1 cloak {Will+}
rCorr   .            l - +2 pair of gloves "Miacoask" {rN++ Int-4 Slay+2 SInv}
SInv    +            (boots unavailable)
Will    ++...        a - amulet of regeneration
Stlth   +++          p - ring "Fagaxeza" {Wiz rPois rN+ Dex+4 Stlth+}
HPRegen 2.01/turn    b - +5 ring of evasion
MPRegen 0.00/turn

%: wizardry (x1), infuse magic (-2 HP)
@: about to teleport, flying
A: sickness immunity, fire resistance 2, cold vulnerability 1, float, innate
caster, HP casting, extra vitality 1, iridescent scales 1, large bone plates 1,
deterioration 1, sturdy frame 1
a: Renounce Religion, Heroism, Finesse, Duel


You were on level 3 of the Shoals.
You worshipped Okawaru.
Okawaru was exalted by your worship.
You visited 5 branches of the dungeon, and saw 26 of its levels.
You also visited: Gauntlet.

You collected 3358 gold pieces.
You spent 668 gold pieces at shops.


Innate Abilities, Weirdness & Mutations

You are immune to sickness and miasma.
You are immune to poison.
Your flesh is very heat resistant. (rF++)
You are vulnerable to cold. (rC-)
You float through the air rather than walking.
You learn spells naturally, not from books.
Your magical power is your life essence.
You have superior vitality. (+4 MHP)
You are partially covered in iridescent scales. (AC +2)
You are partially covered in large bone plates. (SH +4)
Your body sometimes deteriorates upon taking damage.
Your movements are slightly less encumbered by armour. (ER -2)


   Skills:
 + Level 13.0 Fighting
 - Level 18.0 Ranged Weapons
 - Level 6.0 Armour
 - Level 16.2 Dodging
 - Level 0.7 Stealth
 - Level 10.0 Invocations


You knew the following spells:

 Your Spells              Type           Power      Damage    Failure   Level
a - Shock                 Conj/Air       0%         1d3       21%         1
b - Static Discharge      Conj/Air       0%         3-3/arc   28%         2
c - Inner Flame           Hex/Fire       0%         N/A       50%         3
d - Dimensional Bullseye  Hex/Tloc       0%         N/A       86%         4
e - Leda's Liquefaction   Alch/Erth      0%         N/A       86%         4
f - Yara's Violent Unrav  Hex/Alch       0%         3d3       99%         5
g - Death Channel         Necr           0%         N/A       100%        6
h - Summon Hydra          Summ           0%         N/A       100%        7
Your spell library was empty.

Inventory:

Hand Weapons
 v - a +1 triple crossbow of flaming (weapon)
Armour
 c - a +0 troll leather armour (worn)
 e - a +2 helmet (worn)
 j - a +2 cloak
 l - the +2 pair of gloves "Miacoask" (worn) {rN++ Int-4 Slay+2 SInv}
   (Okawaru gifted it to you on level 13 of the Dungeon)

   Int-4:     It affects your intelligence (-4).
   Slay+2:    It affects your accuracy & damage with ranged weapons and melee
   (+2).
   rN++:      It greatly protects you from negative energy.
   SInv:      It lets you see invisible.
 t - a +2 robe of fire resistance
 w - a +1 cloak of willpower (worn)
Jewellery
 a - an amulet of regeneration (around neck)
 b - a +5 ring of evasion (right hand)
 p - the ring "Fagaxeza" (left hand) {Wiz rPois rN+ Dex+4 Stlth+}
   (You found it on level 7 of the Dungeon)

   [ring of wizardry]

   Wiz:       It improves your spell success rate.
   Dex+4:     It affects your dexterity (+4).
   rPois:     It protects you from poison rN+: It protects you from negative
   energy.
   Stlth+:    It makes you more stealthy.
Wands
 g - a wand of paralysis (22)
 h - a wand of quicksilver (5)
 o - a wand of iceblast (29)
 q - a wand of mindburst (11)
 u - a wand of polymorph (10)
Scrolls
 m - 7 scrolls of identify
 r - 9 scrolls of teleportation
Potions
 d - 11 potions of curing
 f - 2 potions of resistance
 i - 5 potions of haste
 k - 7 potions of enlightenment
 s - 5 potions of might

Dungeon Overview and Level Annotations

Branches:
Dungeon (15/15)            Temple (1/1) D:4            Lair (5/5) D:10
 Shoals (3/4) Lair:3        Snake (0/4) Lair:2        Slime (0/5) Lair:5
    Orc (2/2) D:9             Elf (0/3) Orc:2        Vaults (0/5) D:13
 Depths (0/4) D:15        Gauntlet (visited)

Altars:
Ashenzari
Cheibriados
Dithmenos
Elyvilon
Fedhas
Gozag
Hepliaklqana
Makhleb
Nemelex Xobeh
Okawaru
Qazlal
Ru
Trog
Uskayaw
Wu Jian
Xom
Yredelemnul
Zin
The Shining One
Jiyva
Lugonu

Shops:
D:9 *   Orc:2 (*:[   Shoals:2 (

Portals:
Abyss: D:7
Trove: D:11 (give +5 demon blade)

Annotations:
D:5 2 transporters, qw's ghost, novice GrHu
D:7 2 transporters, 2 runed translucent doors, qw's ghost, novice DjHu
D:10 exclusion: obsidian statue
Lair:1 3 runed translucent doors, Caczuus's ghost, novice SpEE; qw's ghost, journeyman DjHu
Lair:5 2 runed translucent doors
Shoals:3 Ilsuiw


Message History

The water elemental completely misses you. x2
The merfolk impaler completely misses you.
The merfolk completely misses you. You block Ilsuiw's attack.
You shoot a bolt.
The bolt barely misses the water elemental.
The bolt hits the merfolk!!!
The bolt burns the merfolk!!
You kill the merfolk!
Okawaru accepts your kill.
You hear a splash.
The water elemental hits you.
The water elemental engulfs you in water!
The merfolk impaler hits you from afar with a +2 trident of pain.
The water elemental barely misses you.
The merfolk impaler hits you from afar with a +2 trident of pain!
Ilsuiw barely misses you. The water elemental barely misses you.
The merfolk impaler barely misses you.
You shoot a bolt.
The bolt barely misses the water elemental.
You block the water elemental's attack. Ilsuiw misses you.
The merfolk impaler hits you from afar with a +2 trident of pain!
The water elemental misses you. The water elemental barely misses you.
The merfolk impaler hits you from afar with a +2 trident of pain!
Your body deteriorates!
You feel weakened.
25810 ||| READING 10 scrolls of teleportation.
As you read the scroll of teleportation, it crumbles to dust.
You feel strangely unstable.
Ilsuiw hits you from afar with a +5 trident of freezing!
Ilsuiw freezes you. The water elemental misses you.
The merfolk impaler hits you but does no damage.
The water elemental completely misses you.
The merfolk impaler completely misses you.
You shoot a bolt. The bolt hits the water elemental!!
The bolt burns the water elemental.
You destroy the water elemental!
The water elemental disappears in a puff of smoke!
The water engulfing you falls away. Ilsuiw completely misses you.
The merfolk impaler completely misses you.
The water elemental hits you!
You die...

~~~~~~~~~~~~~~.~~~~<..~~~~~~~~~~.
~~~~~~~~~~~~~~~~~~~~~~~~~~~~~~~~.
~~~~~~~~~~~~~~~~~~~~~~~~~~~~~~~~~
~~~~~~~~~~~~~~~~~~~~~~~~~~~~~~~~~
~~~~~~~~~~~~~~~~~~~~~~~~~~~~~~~~~
~~~~~~~~~~~~~~~~~~~~~~~~~~~~~~~~~
~~~~~~~~~~~~~~~~~~m~~~~~~~~~~~~~~
~~~~~~~~~~~~~~~~E~~~~~~~~~~~~~~~~
~~~~~~~~~~~~~~~~@ยค~~~~~~~~~~~~~~~
~~~~~~~~~~~~~~~~~~~~~~~~
~~~~~~~~~~~~~~m~~~~~~~~~
~~~~~~~~~~~~~~~~~~~~~~~~
~~~~~~~~~~~~~~~~~~~~~~~~
~~~~~~~~~~~~~~~~~~~~~~~~
~~~~~~~~~~~~~~~~~~~~~~~~
~~~~~~~~~~~~~~~~~~


You could see Ilsuiw, a merfolk impaler and a water elemental (summoned).

Vanquished Creatures
  A kraken (Shoals:3)
  Polyphemus (Shoals:3)
  Aizul (Lair:3)
  A stone giant (Orc:2)
  An elemental wellspring (Shoals:2)
  A minotaur (Gauntlet)
  4 ettins
  Snorg (Lair:4)
  2 merfolk javelineers
  Josephine (D:12)
  5 merfolk impalers
  2 rakshasas (D:15)
  8 hydras
  3 merfolk avatars
  3 boulder beetles
  2 catoblepae
  A merfolk aquamancer (Shoals:1)
  5 centaur warriors
  A tengu warrior (D:14)
  4 death yaks (Shoals:3)
  A satyr (Shoals:2)
  3 occultists
  4 two-headed ogres
  Sonja (D:13)
  6 skysharks
  6 skeletal warriors (D:15)
  5 sea snakes
  An orc knight (Orc:1)
  A deep elf zephyrmancer (D:15)
  3 lindwurms
  14 harpies
  2 orc sorcerers
  A necromancer (D:15)
  16 ugly things
  17 fauns
  3 deep elf pyromancers
  14 cyclopes
  Maurice (Orc:1)
  12 manticores
  7 merfolk sirens
  A salamander (Lair:2)
  A centaur zombie (D:15)
  5 water nymphs
  A kobold blastminer (Orc:2)
  4 elephants (Lair:5)
  A guardian serpent (D:15)
  13 black mambas
  2 torpor snails
  3 molten gargoyles (Lair:5)
  A centaur skeleton (D:15)
  8 cane toads
  2 unseen horrors (D:11)
  5 kobold demonologists
  A rime drake (Lair:4)
  Maggie (D:9)
  5 tengu conjurers
  An efreet (D:15)
  2 freezing wraiths
  12 komodo dragons
  24 merfolk
  2 hornets
  A polar bear (Lair:4)
  10 blink frogs
  6 snapping turtles
  7 trolls
  9 dream sheep
  Sigmund (D:4)
  A vampire (D:10)
  A shadow (D:10)
  3 slime creatures (D:11)
  9 wraiths
  A ynoxinul (Gauntlet)
  A fire bat (shapeshifter) (D:13)
  10 wyverns
  7 basilisks
  A warg (Orc:1)
  41 yaks
  4 water elementals (Shoals:1)
  3 vampire mosquitoes
  A hog (shapeshifter) (D:14)
  3 steam dragons
  Menkaure (D:4)
  3 hell hounds (Lair:5)
  An acid dragon (D:11)
  17 water moccasins
  4 sky beasts
  19 orc warriors
  13 ogres
  22 wolves
  7 centaurs
  A phantom (D:5)
  18 bullfrogs
  4 kobold brigands
  2 scorpions (D:6)
  6 gnoll sergeants
  8 wights (D:8)
  An oklob sapling (D:4)
  16 killer bees
  2 howler monkeys
  An electric eel (D:14)
  7 lava snakes
  14 orc priests
  5 hounds
  A jelly (D:7)
  3 bombardier beetles
  2 gnoll boudas
  3 iron imps (Gauntlet)
  Ijyb (D:4)
  Natasha (twice) (D:3)
  3 iguanas
  18 orc wizards
  9 hell rats
  2 boggart skeletons (D:15)
  Robin (D:3)
  24 gnolls
  5 river rats (Lair:5)
  9 adders
  A shadow imp (D:6)
  A white imp (D:5)
  2 dart slugs
  64 orcs
  7 ball pythons
  12 endoplasms
  3 giant cockroaches
  14 goblins
  8 hobgoblins
  6 jackals
  7 quokkas
  9 bats
  2 frilled lizards
  16 kobolds
  8 rats
  A tentacle (Shoals:3)
797 creatures vanquished.

Vanquished Creatures (others)
  A sky beast (D:8)
  5 tentacles (Shoals:3)
6 creatures vanquished.

Grand Total: 803 creatures vanquished

Notes
Turn   | Place    | Note
-------+----------+-------------------------------------------
     0 | D:1      | qw the Djinni Hunter began the quest for the Orb.
     0 | D:1      | Reached XP level 1. HP: 18/18 MP: 0/0
     0 | D:1      | 0 ||| qw: Version: 0.3-a-135-gb77e89d
     0 | D:1      | 0 ||| qw: Game counter: 895
     0 | D:1      | 0 ||| qw: Melee chars always use a shield: true
     0 | D:1      | 0 ||| qw: God list: Okawaru
     0 | D:1      | 0 ||| qw: Allow faded altars: false
     0 | D:1      | 0 ||| qw: Do Orc after clearing Dungeon:15 true
     0 | D:1      | 0 ||| qw: Do second Lair branch before Depths: true
     0 | D:1      | 0 ||| qw: Lair rune preference: random
     0 | D:1      | 0 ||| qw: Goals: Normal
     0 | D:1      | 0 ||| PLANNING D:1-11
    45 | D:1      | Reached XP level 2. HP: 23/23 MP: 0/0
   215 | D:1      | 215 ||| RETREEEEATING.
   216 | D:1      | 216 ||| RETREEEEATING.
   218 | D:1      | 218 ||| RETREEEEATING.
   223 | D:1      | 223 ||| RETREEEEATING.
   224 | D:1      | 224 ||| RETREEEEATING.
   225 | D:1      | 225 ||| RETREEEEATING.
   226 | D:1      | 226 ||| RETREEEEATING.
   227 | D:1      | 227 ||| RETREEEEATING.
   228 | D:1      | 228 ||| RETREEEEATING.
   230 | D:1      | Reached XP level 3. HP: 25/28 MP: 0/0
   230 | D:1      | Learned a level 1 spell: Shock
   231 | D:1      | Reached skill level 4 in Ranged Weapons
   550 | D:1      | 550 ||| UPGRADING to +1 helmet.
   555 | D:1      | 555 ||| UPGRADING to ring of willpower.
   556 | D:1      | 556 ||| READING scroll labelled JYSOMO VARRETZ.
   556 | D:1      | 556 ||| ENCHANTING +0 shortbow.
   557 | D:1      | 557 ||| READING scroll labelled OMEGOSEXTEU.
   560 | D:1      | 560 ||| READING scroll labelled PAXITS TAILIH.
   561 | D:1      | 561 ||| DRINKING 2 amethyst potions.
   562 | D:1      | 562 ||| DROPPING scroll of butterflies.
   607 | D:2      | Reached XP level 4. HP: 34/34 MP: 0/0
   622 | D:2      | Reached skill level 3 in Fighting
   783 | D:2      | Found a snail-covered altar of Cheibriados.
   921 | D:2      | Reached skill level 3 in Dodging
  1064 | D:2      | Reached XP level 5. HP: 40/40 MP: 0/0
  1064 | D:2      | Learned a level 2 spell: Static Discharge
  1102 | D:2      | 1102 ||| UPGRADING to +0 ring mail.
  1112 | D:2      | 1112 ||| DROPPING +0 leather armour.
  1113 | D:2      | 1113 ||| READING scroll labelled PAZYW ZIDEOCOATET.
  1114 | D:2      | 1114 ||| READING scroll labelled FEVVAU TIDOEMUU.
  1114 | D:2      | 1114 ||| IDENTIFYING puce potion
  1115 | D:2      | 1115 ||| DROPPING potion of attraction.
  1307 | D:3      | Found a faded altar of an unknown god.
  1332 | D:3      | Reached skill level 1 in Armour
  1793 | D:3      | 1793 ||| UPGRADING to +1 robe of fire resistance.
  1803 | D:3      | 1803 ||| READING scroll of identify.
  1803 | D:3      | 1803 ||| IDENTIFYING blue potion
  1804 | D:3      | 1804 ||| READING scroll labelled DUUBRI VIUCHA.
  1805 | D:3      | 1805 ||| READING scroll labelled HEMILOS RAEHEF.
  1805 | D:3      | 1805 ||| ENCHANTING +1 helmet.
  1926 | D:3      | Noticed Natasha
  1932 | D:3      | Killed Natasha
  2089 | D:3      | Noticed Robin
  2107 | D:3      | HP: 8/40 [hobgoblin[Robin] (4)]
  2108 | D:3      | 2108 ||| READING scroll of teleportation.
  2252 | D:3      | Killed Robin
  2253 | D:3      | Reached XP level 6. HP: 46/46 MP: 0/0
  2320 | D:3      | 2320 ||| UPGRADING to +5 ring of evasion.
  2477 | D:3      | Noticed Natasha
  2483 | D:3      | Killed Natasha
  2527 | D:4      | 2527 ||| STAIRDANCE
  2645 | D:4      | Reached skill level 5 in Ranged Weapons
  2689 | D:4      | 2689 ||| SWAPPING to +0 orcbow.
  2690 | D:4      | 2690 ||| DROPPING +1 shortbow.
  2720 | D:4      | Noticed Menkaure
  2721 | D:4      | 2721 ||| ZAPPING wand of iceblast (22) at 3,-2 (floor).
  2722 | D:4      | 2722 ||| ZAPPING wand of iceblast (21) at 3,-2 (Menkaure;
                  | floor).
  2722 | D:4      | Noticed an ogre
  2723 | D:4      | 2723 ||| ZAPPING wand of iceblast (20) at 2,-1 (Menkaure;
                  | floor).
  2723 | D:4      | Killed Menkaure
  2724 | D:4      | Reached XP level 7. HP: 50/50 MP: 0/0
  2724 | D:4      | Learned a level 3 spell: Inner Flame
  2817 | D:4      | Found a staircase to the Ecumenical Temple.
  2818 | D:4      | 2818 ||| PLANNING TEMPLE
  2818 | D:4      | 2818 ||| READING scroll of identify.
  2818 | D:4      | 2818 ||| IDENTIFYING fizzy blue potion
  2819 | D:4      | 2819 ||| DRINKING 2 grey potions.
  2820 | D:4      | 2820 ||| DROPPING potion of ambrosia.
  2867 | Temple   | Entered the Ecumenical Temple
  2868 | Temple   | 2868 ||| PLANNING D:1-11
  2910 | D:4      | Noticed Ijyb
  2927 | D:4      | Killed Ijyb
  2982 | D:4      | Found a shimmering altar of Xom.
  2983 | D:4      | Found a hazy altar of Hepliaklqana.
  2984 | D:4      | Noticed a spectral ugly thing
  3054 | D:4      | 3054 ||| DRINKING 2 fuming cyan potions.
  3069 | D:4      | HP: 19/78 [burnt (4)]
  3245 | D:4      | Noticed Sigmund
  3246 | D:4      | 3246 ||| ZAPPING wand of mindburst (9) at -7,-1 (Sigmund;
                  | floor).
  3247 | D:4      | 3247 ||| ZAPPING wand of mindburst (8) at -6,-1 (Sigmund;
                  | floor).
  3247 | D:4      | Killed Sigmund
  3248 | D:4      | Reached skill level 6 in Ranged Weapons
  3248 | D:4      | Reached XP level 8. HP: 58/58 MP: 0/0
  3499 | D:4      | Found an iron altar of Okawaru.
  3500 | D:4      | 3500 ||| PLANNING OKAWARU WORSHIP
  3500 | D:4      | 3500 ||| READING scroll of identify.
  3500 | D:4      | 3500 ||| IDENTIFYING green potion
  3501 | D:4      | 3501 ||| DROPPING potion of lignification.
  3507 | D:4      | Became a worshipper of Warmaster Okawaru
  3508 | D:4      | 3508 ||| PLANNING D:1-11
  3525 | D:5      | Entered Level 5 of the Dungeon
  3526 | D:5      | 3526 ||| PLANNING OSSUARY
  3556 | D:5      | Found a transporter.
  3564 | D:5      | Found a transporter.
  3737 | D:5      | Noticed qw's ghost (novice GrHu)
  4163 | D:5      | 4163 ||| RIP OSSUARY
  4270 | D:5      | 4270 ||| PLANNING D:1-11
  4274 | D:5      | Reached skill level 7 in Ranged Weapons
  4310 | D:5      | 4310 ||| READING 3 scrolls of identify.
  4310 | D:5      | 4310 ||| IDENTIFYING yellow potion
  4311 | D:5      | 4311 ||| READING 2 scrolls of identify.
  4311 | D:5      | 4311 ||| IDENTIFYING fuming red potion
  4312 | D:5      | 4312 ||| READING scroll of identify.
  4312 | D:5      | 4312 ||| IDENTIFYING coppery potion
  4313 | D:5      | 4313 ||| DRINKING potion of mutation.
  4313 | D:5      | Gained mutation: Your body sometimes deteriorates upon
                  | taking damage. [potion of mutation]
  4313 | D:5      | Gained mutation: You are partially covered in large bone
                  | plates. (SH +4) [potion of mutation]
  4314 | D:5      | 4314 ||| READING scroll labelled QIL AWIAGH.
  4314 | D:5      | 4314 ||| BRANDING +0 orcbow.
  4315 | D:5      | 4315 ||| READING scroll labelled UMUSA ISCHATIZU.
  4410 | D:5      | 4410 ||| DROPPING potion of magic.
  4411 | D:5      | 4411 ||| DROPPING potion of berserk rage.
  4446 | D:6      | 4446 ||| RETREEEEATING.
  4447 | D:6      | 4447 ||| RETREEEEATING.
  4448 | D:6      | 4448 ||| RETREEEEATING.
  4449 | D:6      | 4449 ||| RETREEEEATING.
  4452 | D:6      | Reached * piety under Okawaru
  4454 | D:6      | Reached skill level 1 in Invocations
  4458 | D:6      | Reached XP level 9. HP: 63/65 MP: 0/0
  4458 | D:6      | Learned a level 4 spell: Dimensional Bullseye
  4473 | D:6      | 4473 ||| READING 2 scrolls of enchant armour.
  4473 | D:6      | 4473 ||| ENCHANTING +1 robe of fire resistance.
  4508 | D:6      | 4508 ||| RETREEEEATING.
  4509 | D:6      | 4509 ||| FLEEEEING.
  4524 | D:6      | HP: 9/65 [orc warrior/+0 mace (10)]
  4525 | D:6      | 4525 ||| READING scroll of teleportation.
  4526 | D:6      | HP: 2/65 [orc warrior/+0 mace (5)]
  4528 | D:6      | Reached skill level 3 in Invocations
  4775 | D:6      | Reached skill level 6 in Dodging
  4875 | D:6      | Found a shadowy altar of Dithmenos.
  4913 | D:6      | Reached ** piety under Okawaru
  5096 | D:6      | 5096 ||| DROPPING +0 ring mail.
  5097 | D:6      | 5097 ||| READING scroll of identify.
  5097 | D:6      | 5097 ||| IDENTIFYING glowing orange potion
  5098 | D:6      | 5098 ||| DROPPING potion of brilliance.
  5179 | D:7      | Found a transporter.
  5184 | D:7      | Noticed qw's ghost (novice DjHu)
  5200 | D:7      | Found a transporter.
  5450 | D:7      | Found a large runed translucent door.
  5451 | D:7      | Found a large runed translucent door.
  5457 | D:7      | Found a corrupted altar of Lugonu.
  5503 | D:7      | Identified the ring "Fagaxeza" {Wiz rPois rN+ Dex+4 Stlth+}
  5560 | D:7      | 5560 ||| UPGRADING to +0 cloak.
  5565 | D:7      | 5565 ||| READING scroll of enchant armour.
  5565 | D:7      | 5565 ||| ENCHANTING +0 cloak.
  5566 | D:7      | 5566 ||| UPGRADING to ring "Fagaxeza" {Wiz rPois rN+ Dex+4
                  | Stlth+}.
  5568 | D:7      | 5568 ||| DROPPING ring of willpower.
  5569 | D:7      | 5569 ||| READING scroll of identify.
  5569 | D:7      | 5569 ||| IDENTIFYING orange potion
  5570 | D:7      | 5570 ||| READING scroll labelled OJIBOPSOFFE.
  5757 | D:7      | Found a glowing golden altar of the Shining One.
  5892 | D:7      | Found a one-way gate to the infinite horrors of the Abyss.
  5892 | D:7      | Identified the +7 short sword "Ogosch" {distort, Dex+3}
  5949 | D:7      | 5949 ||| DROPPING ring of resist corrosion.
  6115 | D:8      | Reached skill level 8 in Ranged Weapons
  6124 | D:8      | 6124 ||| RETREEEEATING.
  6125 | D:8      | 6125 ||| RETREEEEATING.
  6136 | D:8      | Reached skill level 6 in Fighting
  6136 | D:8      | Reached XP level 10. HP: 45/72 MP: 0/0
  6150 | D:8      | Reached *** piety under Okawaru
  6370 | D:8      | Reached skill level 9 in Ranged Weapons
  6411 | D:8      | Found a blossoming altar of Fedhas.
  6622 | D:8      | 6622 ||| RETREEEEATING.
  6624 | D:8      | 6624 ||| RETREEEEATING.
  6626 | D:8      | 6626 ||| RETREEEEATING.
  6628 | D:8      | 6628 ||| RETREEEEATING.
  6630 | D:8      | 6630 ||| RETREEEEATING.
  6632 | D:8      | 6632 ||| RETREEEEATING.
  6634 | D:8      | 6634 ||| RETREEEEATING.
  6636 | D:8      | 6636 ||| RETREEEEATING.
  6638 | D:8      | 6638 ||| RETREEEEATING.
  6640 | D:8      | 6640 ||| RETREEEEATING.
  6642 | D:8      | 6642 ||| RETREEEEATING.
  6801 | D:8      | 6801 ||| UPGRADING to +0 steam dragon scales.
  6811 | D:8      | 6811 ||| READING 2 scrolls of identify.
  6811 | D:8      | 6811 ||| IDENTIFYING fizzy cyan potion
  6812 | D:8      | 6812 ||| READING scroll of identify.
  6812 | D:8      | 6812 ||| IDENTIFYING 2 pink potions
  6813 | D:8      | 6813 ||| READING scroll labelled FEATUT OFOS.
  6814 | D:8      | 6814 ||| READING scroll labelled GUFEWE IRAST.
  6915 | D:8      | 6915 ||| DROPPING potion of invisibility.
  7134 | D:9      | Found Zageqeum's CLEARANCE SALE!.
  7136 | D:9      | 7136 ||| BUYING +0 pair of gloves "Gaku" {rCorr} (68 gold).
  7136 | D:9      | Bought the +0 pair of gloves "Gaku" {rCorr} for 68 gold
                  | pieces
  7136 | D:9      | 7136 ||| BUYING scroll of identify (8 gold).
  7136 | D:9      | Bought a scroll of identify for 8 gold pieces
  7212 | D:9      | Noticed Maggie
  7213 | D:9      | 7213 ||| INVOKING Heroism.
  7229 | D:9      | Killed Maggie
  7281 | D:9      | 7281 ||| INVOKING Heroism.
  7293 | D:9      | Reached **** piety under Okawaru
  7300 | D:9      | Reached skill level 3 in Armour
  7556 | D:9      | Found a staircase to the Orcish Mines.
  7557 | D:9      | 7557 ||| RETREEEEATING.
  7558 | D:9      | 7558 ||| RETREEEEATING.
  7562 | D:9      | 7562 ||| RETREEEEATING.
  7576 | D:9      | Reached ***** piety under Okawaru
  7577 | D:9      | Reached XP level 11. HP: 46/79 MP: 0/0
  7577 | D:9      | Learned a level 4 spell: Leda's Liquefaction
  7613 | D:9      | Reached skill level 6 in Invocations
  7943 | D:9      | 7943 ||| UPGRADING to +0 pair of gloves "Gaku" {rCorr}.
  7959 | D:10     | Entered Level 10 of the Dungeon
  8002 | D:10     | Noticed an obsidian statue
  8003 | D:10     | 8003 ||| INVOKING Finesse.
  8044 | D:10     | 8044 ||| FLEEEEING.
  8045 | D:10     | 8045 ||| FLEEEEING.
  8046 | D:10     | 8046 ||| FLEEEEING.
  8055 | D:10     | Gained mutation: You sometimes lose your temper in combat.
                  | [a neqoxec]
  8062 | D:10     | Gained mutation: Armour fits poorly on your strangely
                  | shaped body. [a neqoxec]
  8073 | D:10     | 8073 ||| FLEEEEING.
  8074 | D:10     | 8074 ||| FLEEEEING.
  8349 | D:10     | Noticed a deep elf pyromancer
  8350 | D:10     | 8350 ||| INVOKING Finesse.
  8353 | D:10     | Killed a deep elf pyromancer
  8354 | D:10     | Reached skill level 9 in Dodging
  8508 | D:10     | Found a staircase to the Lair.
  8848 | D:10     | Noticed a two-headed ogre
  8849 | D:10     | 8849 ||| INVOKING Finesse.
  8855 | D:10     | Killed a two-headed ogre
  8963 | D:10     | Noticed a two-headed ogre
  8964 | D:10     | 8964 ||| INVOKING Finesse.
  8974 | D:10     | Killed a two-headed ogre
  8975 | D:10     | Reached skill level 10 in Ranged Weapons
  9176 | D:10     | 9176 ||| PLANNING LAIR
  9176 | D:10     | 9176 ||| READING 2 scrolls of identify.
  9176 | D:10     | 9176 ||| IDENTIFYING viscous silvery potion
  9177 | D:10     | 9177 ||| DROPPING potion of degeneration.
  9253 | Lair:1   | Entered Level 1 of the Lair of Beasts
  9256 | Lair:1   | 9256 ||| RETREEEEATING.
  9257 | Lair:1   | 9257 ||| RETREEEEATING.
  9258 | Lair:1   | 9258 ||| INVOKING Finesse.
  9260 | Lair:1   | 9260 ||| INVOKING Heroism.
  9291 | Lair:1   | 9291 ||| RETREEEEATING.
  9310 | Lair:1   | Reached XP level 12. HP: 37/86 MP: 0/0
  9560 | Lair:1   | Reached skill level 9 in Invocations
  9635 | Lair:1   | 9635 ||| RETREEEEATING.
  9659 | Lair:1   | Found a runed translucent gate.
  9752 | Lair:1   | Noticed an eight-headed hydra
  9753 | Lair:1   | 9753 ||| INVOKING Finesse.
  9758 | Lair:1   | Killed an eight-headed hydra
  9806 | Lair:1   | Received a gift from Okawaru
  9909 | Lair:1   | 9909 ||| DRINKING potion of mutation.
  9909 | Lair:1   | Lost mutation: You sometimes lose your temper in combat.
                  | [potion of mutation]
  9909 | Lair:1   | Lost mutation: Armour fits poorly on your strangely shaped
                  | body. [potion of mutation]
  9909 | Lair:1   | Gained mutation: Your body often deteriorates upon taking
                  | damage. [potion of mutation]
  9909 | Lair:1   | Gained mutation: You passively map a small area around you.
                  | [potion of mutation]
  9909 | Lair:1   | Gained mutation: You are dopey. (Int -2) [potion of
                  | mutation]
 10014 | Lair:1   | Noticed a skyshark
 10015 | Lair:1   | 10015 ||| INVOKING Finesse.
 10034 | Lair:1   | Killed a skyshark
 10333 | Lair:1   | Found a runed translucent gate.
 10335 | Lair:1   | Found a runed translucent gate.
 10338 | Lair:1   | Noticed qw's ghost (journeyman DjHu)
 10338 | Lair:1   | Noticed Caczuus's ghost (novice SpEE)
 10371 | Lair:1   | 10371 ||| READING 2 scrolls of identify.
 10371 | Lair:1   | 10371 ||| IDENTIFYING scroll labelled KAONEBRETZY
 10372 | Lair:1   | 10372 ||| DROPPING scroll of fog.
 10400 | Lair:2   | 10400 ||| INVOKING Finesse.
 10401 | Lair:2   | 10401 ||| STAIRDANCE
 10465 | Lair:2   | 10465 ||| STAIRDANCE
 10584 | Lair:2   | 10584 ||| STAIRDANCE
 10758 | Lair:2   | 10758 ||| STAIRDANCE
 10760 | Lair:1   | 10760 ||| INVOKING Finesse.
 10775 | Lair:1   | Received a gift from Okawaru
 10964 | Lair:2   | Reached skill level 11 in Ranged Weapons
 11177 | Lair:2   | Found a staircase to the Snake Pit.
 11189 | Lair:2   | 11189 ||| FLEEEEING.
 11385 | Lair:2   | 11385 ||| RETREEEEATING.
 11388 | Lair:2   | 11388 ||| RETREEEEATING.
 11390 | Lair:2   | 11390 ||| RETREEEEATING.
 11391 | Lair:2   | 11391 ||| RETREEEEATING.
 11393 | Lair:2   | 11393 ||| RETREEEEATING.
 11402 | Lair:2   | Noticed a boulder beetle
 11411 | Lair:2   | 11411 ||| INVOKING Finesse.
 11423 | Lair:2   | Killed a boulder beetle
 11424 | Lair:2   | Reached skill level 9 in Fighting
 11424 | Lair:2   | Reached XP level 13. HP: 45/94 MP: 0/0
 11424 | Lair:2   | Learned a level 5 spell: Yara's Violent Unravelling
 11599 | Lair:2   | 11599 ||| RETREEEEATING.
 11600 | Lair:2   | 11600 ||| RETREEEEATING.
 11603 | Lair:2   | 11603 ||| RETREEEEATING.
 11604 | Lair:2   | 11604 ||| RETREEEEATING.
 11605 | Lair:2   | 11605 ||| RETREEEEATING.
 11611 | Lair:2   | 11611 ||| INVOKING Finesse.
 11613 | Lair:2   | 11613 ||| INVOKING Heroism.
 11731 | Lair:2   | 11731 ||| FLEEEEING.
 11732 | Lair:2   | 11732 ||| FLEEEEING.
 11733 | Lair:2   | 11733 ||| FLEEEEING.
 11734 | Lair:2   | 11734 ||| RETREEEEATING.
 11735 | Lair:2   | 11735 ||| RETREEEEATING.
 11736 | Lair:2   | 11736 ||| RETREEEEATING.
 11737 | Lair:2   | 11737 ||| RETREEEEATING.
 11738 | Lair:2   | 11738 ||| RETREEEEATING.
 11739 | Lair:2   | 11739 ||| RETREEEEATING.
 11740 | Lair:2   | 11740 ||| RETREEEEATING.
 11741 | Lair:2   | 11741 ||| RETREEEEATING.
 11742 | Lair:2   | 11742 ||| RETREEEEATING.
 11743 | Lair:2   | 11743 ||| RETREEEEATING.
 11744 | Lair:2   | 11744 ||| RETREEEEATING.
 11745 | Lair:2   | 11745 ||| RETREEEEATING.
 11746 | Lair:2   | 11746 ||| RETREEEEATING.
 11747 | Lair:2   | 11747 ||| RETREEEEATING.
 11748 | Lair:2   | 11748 ||| RETREEEEATING.
 11752 | Lair:2   | 11752 ||| INVOKING Finesse.
 12315 | Lair:2   | 12315 ||| DROPPING ring of see invisible.
 12316 | Lair:2   | 12316 ||| READING scroll of identify.
 12316 | Lair:2   | 12316 ||| IDENTIFYING scroll labelled KIT ILAHUVASCH
 12317 | Lair:2   | 12317 ||| DROPPING scroll of vulnerability.
 12324 | Lair:3   | 12324 ||| STAIRDANCE
 12621 | Lair:3   | 12621 ||| RETREEEEATING.
 12623 | Lair:3   | 12623 ||| RETREEEEATING.
 12627 | Lair:3   | 12627 ||| RETREEEEATING.
 12631 | Lair:3   | Reached skill level 12 in Ranged Weapons
 12635 | Lair:3   | Received a gift from Okawaru
 12744 | Lair:3   | 12744 ||| DRINKING potion of mutation.
 12744 | Lair:3   | Lost mutation: Your body often deteriorates upon taking
                  | damage. [potion of mutation]
 12744 | Lair:3   | Lost mutation: You passively map a small area around you.
                  | [potion of mutation]
 12744 | Lair:3   | Lost mutation: You are partially covered in large bone
                  | plates. (SH +4) [potion of mutation]
 12744 | Lair:3   | Gained mutation: You are partially covered in iridescent
                  | scales. (AC +2) [potion of mutation]
 12744 | Lair:3   | Gained mutation: You are partially covered in large bone
                  | plates. (SH +4) [potion of mutation]
 12881 | Lair:3   | Noticed a catoblepas
 12882 | Lair:3   | 12882 ||| INVOKING Finesse.
 12895 | Lair:3   | 12895 ||| Stepping ~*~*~tactically~*~*~ (cloud).
 12896 | Lair:3   | 12896 ||| Stepping ~*~*~tactically~*~*~ (cloud).
 12897 | Lair:3   | Killed a catoblepas
 13114 | Lair:3   | Noticed a seven-headed hydra
 13115 | Lair:3   | 13115 ||| INVOKING Finesse.
 13121 | Lair:3   | Killed a seven-headed hydra
 13232 | Lair:3   | Noticed a six-headed hydra
 13233 | Lair:3   | 13233 ||| INVOKING Finesse.
 13242 | Lair:3   | Killed a six-headed hydra
 13391 | Lair:3   | 13391 ||| READING scroll labelled ULETICK BOKLOT.
 13550 | Lair:4   | Noticed an eight-headed hydra
 13551 | Lair:4   | 13551 ||| INVOKING Finesse.
 13561 | Lair:4   | Killed an eight-headed hydra
 13565 | Lair:4   | 13565 ||| INVOKING Heroism.
 13884 | Lair:4   | Reached skill level 12 in Dodging
 13997 | Lair:4   | Noticed Snorg
 13998 | Lair:4   | 13998 ||| INVOKING Finesse.
 14005 | Lair:4   | Killed Snorg
 14583 | Lair:5   | Entered Level 5 of the Lair of Beasts
 14584 | Lair:5   | 14584 ||| PLANNING GAUNTLET
 14584 | Lair:5   | 14584 ||| RETREEEEATING.
 14585 | Lair:5   | 14585 ||| RETREEEEATING.
 14586 | Lair:5   | 14586 ||| RETREEEEATING.
 14587 | Lair:5   | 14587 ||| RETREEEEATING.
 14596 | Lair:5   | Reached XP level 14. HP: 103/103 MP: 0/0
 14635 | Lair:5   | Found a gate leading to a gauntlet.
 14648 | Lair:5   | 14648 ||| RETREEEEATING.
 14649 | Lair:5   | 14649 ||| RETREEEEATING.
 14650 | Lair:5   | 14650 ||| RETREEEEATING.
 14651 | Lair:5   | 14651 ||| RETREEEEATING.
 14700 | Gauntlet | Entered a Gauntlet
 14700 | Gauntlet | Found a transporter.
 14708 | Gauntlet | Found a transporter.
 14712 | Gauntlet | Found a transporter.
 14720 | Gauntlet | Found a transporter.
 14724 | Gauntlet | Found a transporter.
 14735 | Gauntlet | Found a transporter.
 14736 | Gauntlet | Found a transporter.
 14744 | Gauntlet | Found a transporter.
 14748 | Gauntlet | Found a transporter.
 14756 | Gauntlet | Found a transporter.
 14787 | Gauntlet | Found a transporter.
 14799 | Gauntlet | Found a transporter.
 14812 | Gauntlet | Found a transporter.
 14825 | Gauntlet | Found a transporter.
 14880 | Gauntlet | Identified the +5 war axe of Wu Jian's Castigation {venom,
                  | rC+ Will+ rCorr}
 14880 | Gauntlet | Noticed a minotaur
 14882 | Gauntlet | 14882 ||| INVOKING Finesse.
 14901 | Gauntlet | HP: 14/103 [minotaur/the +5 war axe of Wu Jian's
                  | Castigation {venom, rC+ Will+ rCorr} (23)]
 14902 | Gauntlet | 14902 ||| DRINKING 2 potions of heal wounds.
 14903 | Gauntlet | Killed a minotaur
 15139 | Gauntlet | 15139 ||| DROPPING +2 robe of fire resistance.
 15151 | Lair:5   | 15151 ||| PLANNING LAIR
 15159 | Lair:5   | 15159 ||| DRINKING potion of mutation.
 15159 | Lair:5   | Lost mutation: You are partially covered in large bone
                  | plates. (SH +4) [potion of mutation]
 15159 | Lair:5   | Lost mutation: You are dopey. (Int -2) [potion of mutation]
 15159 | Lair:5   | Lost mutation: Your body sometimes deteriorates upon taking
                  | damage. [potion of mutation]
 15159 | Lair:5   | Gained mutation: Your body sometimes deteriorates upon
                  | taking damage. [potion of mutation]
 15159 | Lair:5   | Gained mutation: You are partially covered in large bone
                  | plates. (SH +4) [potion of mutation]
 15159 | Lair:5   | Gained mutation: Your movements are slightly less
                  | encumbered by armour. (ER -2) [potion of mutation]
 15179 | Lair:5   | 15179 ||| RETREEEEATING.
 15181 | Lair:5   | 15181 ||| RETREEEEATING.
 15187 | Lair:5   | 15187 ||| RETREEEEATING.
 15189 | Lair:5   | 15189 ||| RETREEEEATING.
 15190 | Lair:5   | 15190 ||| RETREEEEATING.
 15191 | Lair:5   | 15191 ||| RETREEEEATING.
 15194 | Lair:5   | 15194 ||| RETREEEEATING.
 15309 | Lair:5   | 15309 ||| RETREEEEATING.
 15313 | Lair:5   | Reached skill level 13 in Ranged Weapons
 15315 | Lair:5   | 15315 ||| RETREEEEATING.
 15316 | Lair:5   | 15316 ||| RETREEEEATING.
 15405 | Lair:5   | 15405 ||| RETREEEEATING.
 15409 | Lair:5   | 15409 ||| RETREEEEATING.
 15440 | Lair:5   | Received a gift from Okawaru
 15699 | Lair:5   | Found a large runed translucent door.
 15699 | Lair:5   | Found a large runed translucent door.
 15710 | Lair:5   | 15710 ||| RETREEEEATING.
 15714 | Lair:5   | 15714 ||| RETREEEEATING.
 15715 | Lair:5   | 15715 ||| RETREEEEATING.
 15716 | Lair:5   | 15716 ||| RETREEEEATING.
 15717 | Lair:5   | 15717 ||| RETREEEEATING.
 15718 | Lair:5   | 15718 ||| RETREEEEATING.
 15719 | Lair:5   | 15719 ||| RETREEEEATING.
 15799 | Lair:5   | Reached skill level 14 in Ranged Weapons
 16184 | Lair:5   | 16184 ||| RETREEEEATING.
 16186 | Lair:5   | 16186 ||| RETREEEEATING.
 16187 | Lair:5   | 16187 ||| RETREEEEATING.
 16188 | Lair:5   | 16188 ||| RETREEEEATING.
 16190 | Lair:5   | 16190 ||| RETREEEEATING.
 16191 | Lair:5   | 16191 ||| RETREEEEATING.
 16192 | Lair:5   | 16192 ||| RETREEEEATING.
 16193 | Lair:5   | 16193 ||| RETREEEEATING.
 16194 | Lair:5   | 16194 ||| RETREEEEATING.
 16195 | Lair:5   | 16195 ||| RETREEEEATING.
 16196 | Lair:5   | 16196 ||| RETREEEEATING.
 16197 | Lair:5   | 16197 ||| RETREEEEATING.
 16199 | Lair:5   | 16199 ||| RETREEEEATING.
 16200 | Lair:5   | 16200 ||| RETREEEEATING.
 16202 | Lair:5   | 16202 ||| RETREEEEATING.
 16205 | Lair:5   | 16205 ||| RETREEEEATING.
 16206 | Lair:5   | 16206 ||| RETREEEEATING.
 16207 | Lair:5   | 16207 ||| RETREEEEATING.
 16607 | Lair:5   | Found a staircase to the Slime Pits.
 16609 | Lair:5   | Found a viscous altar of Jiyva.
 16688 | Lair:5   | 16688 ||| PLANNING D:1-11
 16841 | D:11     | 16841 ||| STAIRDANCE
 16851 | D:11     | 16851 ||| STAIRDANCE
 17185 | D:11     | 17185 ||| SWAPPING to +0 arbalest.
 17187 | D:11     | 17187 ||| DROPPING +0 orcbow of freezing.
 17359 | D:11     | 17359 ||| RETREEEEATING.
 17360 | D:11     | 17360 ||| RETREEEEATING.
 17361 | D:11     | 17361 ||| RETREEEEATING.
 17362 | D:11     | 17362 ||| RETREEEEATING.
 17368 | D:11     | 17368 ||| RETREEEEATING.
 17442 | D:11     | 17442 ||| RETREEEEATING.
 17575 | D:11     | Found a portal to a secret trove of treasure.
 17649 | D:11     | 17649 ||| DROPPING +6 ring of strength.
 17650 | D:11     | 17650 ||| READING 4 scrolls of identify.
 17650 | D:11     | 17650 ||| IDENTIFYING brown potion
 17782 | D:12     | 17782 ||| READING scroll of enchant weapon.
 17782 | D:12     | 17782 ||| ENCHANTING +0 arbalest.
 17819 | D:12     | 17819 ||| RETREEEEATING.
 17822 | D:12     | 17822 ||| RETREEEEATING.
 17823 | D:12     | 17823 ||| RETREEEEATING.
 17824 | D:12     | 17824 ||| RETREEEEATING.
 17825 | D:12     | 17825 ||| RETREEEEATING.
 17955 | D:12     | Received a gift from Okawaru
 18123 | D:11     | 18123 ||| RETREEEEATING.
 18125 | D:11     | 18125 ||| RETREEEEATING.
 18128 | D:11     | 18128 ||| RETREEEEATING.
 18131 | D:11     | 18131 ||| RETREEEEATING.
 18133 | D:11     | 18133 ||| RETREEEEATING.
 18139 | D:11     | 18139 ||| RETREEEEATING.
 18144 | D:11     | 18144 ||| RETREEEEATING.
 18440 | D:11     | 18440 ||| RETREEEEATING.
 18449 | D:11     | Reached XP level 15. HP: 74/110 MP: 0/0
 18449 | D:11     | Learned a level 6 spell: Death Channel
 18455 | D:11     | 18455 ||| RETREEEEATING.
 18575 | D:11     | 18575 ||| DRINKING potion of cancellation.
 18712 | D:11     | 18712 ||| PLANNING D
 18712 | D:11     | 18712 ||| UPGRADING to +0 troll leather armour.
 18722 | D:11     | 18722 ||| DROPPING +0 steam dragon scales.
 18723 | D:11     | 18723 ||| DROPPING +0 acid dragon scales.
 18724 | D:11     | 18724 ||| DROPPING +2 hat.
 18924 | D:12     | Noticed Josephine
 18928 | D:12     | Killed Josephine
 19127 | D:12     | 19127 ||| DROPPING +4 ring of slaying {mikee}.
 19410 | D:13     | Noticed Sonja
 19417 | D:13     | Killed Sonja
 19762 | D:13     | 19762 ||| RETREEEEATING.
 19763 | D:13     | 19763 ||| RETREEEEATING.
 19769 | D:13     | HP: 7/110 [ettin/+0 dire flail (39)]
 19770 | D:13     | 19770 ||| READING 12 scrolls of teleportation.
 19771 | D:13     | 19771 ||| DRINKING 2 potions of heal wounds.
 19888 | D:13     | Found a gate to the Vaults.
 19934 | D:14     | 19934 ||| STAIRDANCE
 20057 | D:14     | 20057 ||| STAIRDANCE
 20059 | D:13     | 20059 ||| RETREEEEATING.
 20060 | D:13     | 20060 ||| RETREEEEATING.
 20061 | D:13     | 20061 ||| RETREEEEATING.
 20062 | D:13     | 20062 ||| RETREEEEATING.
 20063 | D:13     | 20063 ||| RETREEEEATING.
 20066 | D:13     | 20066 ||| RETREEEEATING.
 20079 | D:13     | Reached ****** piety under Okawaru
 20081 | D:13     | 20081 ||| INVOKING Receive Weapon.
 20081 | D:13     | 20081 ||| ACQUIRING +1 triple crossbow of flaming
 20081 | D:13     | Acquired a +1 triple crossbow of flaming
 20081 | D:13     | Received a gift from Okawaru
 20082 | D:13     | 20082 ||| INVOKING Receive Armour.
 20082 | D:13     | 20082 ||| ACQUIRING +2 pair of gloves "Miacoask" {rN++
                  | Int-4 Slay+2 SInv}
 20082 | D:13     | Acquired the +2 pair of gloves "Miacoask" {rN++ Int-4
                  | Slay+2 SInv}
 20082 | D:13     | Received a gift from Okawaru
 20084 | D:13     | 20084 ||| SWAPPING to +1 triple crossbow of flaming.
 20085 | D:13     | 20085 ||| DROPPING +1 arbalest.
 20086 | D:13     | 20086 ||| UPGRADING to +2 pair of gloves "Miacoask" {rN++
                  | Int-4 Slay+2 SInv}.
 20096 | D:13     | 20096 ||| DROPPING +0 pair of gloves "Gaku" {rCorr}.
 20109 | D:14     | 20109 ||| STAIRDANCE
 20119 | D:14     | 20119 ||| STAIRDANCE
 20121 | D:13     | 20121 ||| RETREEEEATING.
 20122 | D:13     | 20122 ||| RETREEEEATING.
 20123 | D:13     | 20123 ||| RETREEEEATING.
 20124 | D:13     | 20124 ||| RETREEEEATING.
 20128 | D:13     | Reached skill level 15 in Ranged Weapons
 20142 | D:14     | 20142 ||| STAIRDANCE
 20153 | D:14     | 20153 ||| STAIRDANCE
 20155 | D:13     | 20155 ||| RETREEEEATING.
 20156 | D:13     | 20156 ||| RETREEEEATING.
 20157 | D:13     | 20157 ||| RETREEEEATING.
 20158 | D:13     | 20158 ||| RETREEEEATING.
 20160 | D:13     | 20160 ||| RETREEEEATING.
 20169 | D:13     | Received a gift from Okawaru
 20179 | D:14     | 20179 ||| STAIRDANCE
 20227 | D:14     | 20227 ||| STAIRDANCE
 20237 | D:14     | 20237 ||| STAIRDANCE
 20402 | D:14     | Identified the +10 orcbow of Mieniw {antimagic, rF+ rN+
                  | Int+2 SInv}
 20619 | D:14     | Reached skill level 12 in Fighting
 20668 | D:14     | 20668 ||| DROPPING +1 pair of gloves.
 20669 | D:14     | 20669 ||| UPGRADING to amulet of regeneration.
 20686 | D:15     | Entered Level 15 of the Dungeon
 20940 | D:15     | 20940 ||| READING scroll of enchant armour.
 20940 | D:15     | 20940 ||| ENCHANTING +1 cloak.
 20968 | D:15     | Received a gift from Okawaru
 21007 | D:15     | Reached XP level 16. HP: 118/118 MP: 0/0
 21037 | D:15     | 21037 ||| RETREEEEATING.
 21046 | D:15     | Found a staircase to the Depths.
 21155 | D:15     | 21155 ||| RETREEEEATING.
 21157 | D:15     | 21157 ||| RETREEEEATING.
 21159 | D:15     | 21159 ||| RETREEEEATING.
 21161 | D:15     | 21161 ||| RETREEEEATING.
 21163 | D:15     | 21163 ||| RETREEEEATING.
 21166 | D:15     | 21166 ||| RETREEEEATING.
 21463 | D:15     | 21463 ||| PLANNING ORC
 21639 | Orc:1    | Entered Level 1 of the Orcish Mines
 21710 | Orc:1    | Reached skill level 16 in Ranged Weapons
 21852 | Orc:2    | Entered Level 2 of the Orcish Mines
 21852 | Orc:2    | Found Gimnoliu's General Store.
 21859 | Orc:2    | 21859 ||| STAIRDANCE
 21874 | Orc:2    | 21874 ||| STAIRDANCE
 21893 | Orc:1    | Noticed Maurice
 21896 | Orc:1    | Killed Maurice
 22167 | Orc:1    | 22167 ||| UPGRADING to +1 cloak of willpower.
 22210 | Orc:2    | 22210 ||| BUYING scroll of identify (30 gold).
 22210 | Orc:2    | Bought a scroll of identify for 30 gold pieces
 22210 | Orc:2    | 22210 ||| BUYING scroll of identify (30 gold).
 22210 | Orc:2    | Bought a scroll of identify for 30 gold pieces
 22210 | Orc:2    | 22210 ||| BUYING scroll of teleportation (45 gold).
 22210 | Orc:2    | Bought a scroll of teleportation for 45 gold pieces
 22219 | Orc:2    | Found Kimaok's Antique Weapon Boutique.
 22223 | Orc:2    | Received a gift from Okawaru
 22284 | Orc:2    | 22284 ||| FLEEEEING.
 22284 | Orc:2    | Found Hep Deed's Book Shop.
 22286 | Orc:2    | 22286 ||| RETREEEEATING.
 22287 | Orc:2    | 22287 ||| FLEEEEING.
 22288 | Orc:2    | 22288 ||| RETREEEEATING.
 22289 | Orc:2    | 22289 ||| RETREEEEATING.
 22291 | Orc:2    | 22291 ||| RETREEEEATING.
 22292 | Orc:2    | 22292 ||| RETREEEEATING.
 22293 | Orc:2    | 22293 ||| RETREEEEATING.
 22294 | Orc:2    | 22294 ||| FLEEEEING.
 22295 | Orc:2    | 22295 ||| FLEEEEING.
 22296 | Orc:2    | 22296 ||| FLEEEEING.
 22297 | Orc:2    | 22297 ||| FLEEEEING.
 22299 | Orc:2    | 22299 ||| RETREEEEATING.
 22300 | Orc:2    | 22300 ||| RETREEEEATING.
 22301 | Orc:2    | 22301 ||| RETREEEEATING.
 22302 | Orc:2    | 22302 ||| RETREEEEATING.
 22303 | Orc:2    | 22303 ||| RETREEEEATING.
 22305 | Orc:2    | 22305 ||| RETREEEEATING.
 22307 | Orc:2    | Reached skill level 15 in Dodging
 22309 | Orc:2    | 22309 ||| RETREEEEATING.
 22397 | Orc:2    | Found a bloodstained altar of Trog.
 22405 | Orc:2    | Found Lirau's Antique Armour Boutique.
 22431 | Orc:2    | 22431 ||| BUYING glowing cloak (292 gold).
 22431 | Orc:2    | Bought a glowing cloak for 292 gold pieces
 22431 | Orc:2    | 22431 ||| BUYING runed leather armour (195 gold).
 22431 | Orc:2    | Bought a runed leather armour for 195 gold pieces
 22489 | Orc:2    | Found a staircase to the Elven Halls.
 22573 | Orc:2    | 22573 ||| PLANNING SHOALS:1-3
 22573 | Orc:2    | 22573 ||| DROPPING +1 cloak.
 22574 | Orc:2    | 22574 ||| DROPPING +1 leather armour of willpower.
 22720 | Shoals:1 | Entered Level 1 of the Shoals
 22720 | Shoals:1 | Identified the serpent talisman of Happy Babbling {rC+ rN+
                  | Stlth+}
 22720 | Shoals:1 | Noticed Aizul
 22721 | Shoals:1 | 22721 ||| INVOKING Finesse.
 22726 | Shoals:1 | 22726 ||| STAIRDANCE
 22733 | Lair:3   | Killed Aizul
 22837 | Shoals:1 | Received a gift from Okawaru
 22992 | Shoals:1 | 22992 ||| RETREEEEATING.
 22993 | Shoals:1 | 22993 ||| RETREEEEATING.
 22994 | Shoals:1 | 22994 ||| RETREEEEATING.
 22995 | Shoals:1 | 22995 ||| RETREEEEATING.
 22996 | Shoals:1 | 22996 ||| RETREEEEATING.
 22997 | Shoals:1 | 22997 ||| RETREEEEATING.
 23320 | Shoals:1 | Reached skill level 17 in Ranged Weapons
 23466 | Shoals:2 | 23466 ||| INVOKING Finesse.
 23473 | Shoals:2 | 23473 ||| STAIRDANCE
 23481 | Shoals:2 | 23481 ||| STAIRDANCE
 23487 | Shoals:2 | 23487 ||| STAIRDANCE
 23599 | Shoals:2 | 23599 ||| STAIRDANCE
 23710 | Shoals:2 | 23710 ||| STAIRDANCE
 23824 | Shoals:2 | Received a gift from Okawaru
 23828 | Shoals:2 | Reached XP level 17. HP: 123/123 MP: 0/0
 23828 | Shoals:2 | Learned a level 7 spell: Summon Hydra
 23842 | Shoals:2 | 23842 ||| INVOKING Finesse.
 24142 | Shoals:2 | Received a gift from Okawaru
 24150 | Shoals:2 | 24150 ||| FLEEEEING.
 24151 | Shoals:2 | 24151 ||| FLEEEEING.
 24152 | Shoals:2 | 24152 ||| FLEEEEING.
 24154 | Shoals:2 | 24154 ||| FLEEEEING.
 24155 | Shoals:2 | 24155 ||| FLEEEEING.
 24157 | Shoals:2 | 24157 ||| FLEEEEING.
 24160 | Shoals:2 | 24160 ||| FLEEEEING.
 24161 | Shoals:2 | 24161 ||| FLEEEEING.
 24162 | Shoals:2 | 24162 ||| FLEEEEING.
 24165 | Shoals:2 | 24165 ||| STAIRDANCE
 24389 | Shoals:2 | 24389 ||| INVOKING Finesse.
 24394 | Shoals:2 | Reached skill level 6 in Armour
 24489 | Shoals:2 | Found Efat's Antique Weapon Emporium.
 24613 | Shoals:2 | 24613 ||| RETREEEEATING.
 24615 | Shoals:2 | 24615 ||| RETREEEEATING.
 24616 | Shoals:2 | 24616 ||| RETREEEEATING.
 24617 | Shoals:2 | HP: 31/126 [skyshark (10)]
 24618 | Shoals:2 | 24618 ||| READING 13 scrolls of teleportation.
 24619 | Shoals:2 | 24619 ||| RETREEEEATING.
 24620 | Shoals:2 | 24620 ||| RETREEEEATING.
 24621 | Shoals:2 | 24621 ||| RETREEEEATING.
 24754 | Shoals:2 | 24754 ||| FLEEEEING.
 24755 | Shoals:2 | 24755 ||| FLEEEEING.
 24756 | Shoals:2 | 24756 ||| FLEEEEING.
 24758 | Shoals:2 | 24758 ||| FLEEEEING.
 24774 | Shoals:2 | 24774 ||| FLEEEEING.
 24848 | Shoals:2 | 24848 ||| READING 8 scrolls of identify.
 24848 | Shoals:2 | 24848 ||| IDENTIFYING scroll labelled OPRAPO YNOA
 24848 | Shoals:2 | Identified a scroll of acquirement
 24870 | Shoals:3 | 24870 ||| READING scroll of acquirement.
 24870 | Shoals:3 | 24870 ||| ACQUIRING 504 gold pieces
 24870 | Shoals:3 | Acquired 504 gold pieces
 24904 | Shoals:3 | 24904 ||| FLEEEEING.
 24905 | Shoals:3 | 24905 ||| FLEEEEING.
 24906 | Shoals:3 | 24906 ||| FLEEEEING.
 24907 | Shoals:3 | 24907 ||| FLEEEEING.
 24908 | Shoals:3 | 24908 ||| FLEEEEING.
 24909 | Shoals:3 | 24909 ||| FLEEEEING.
 24910 | Shoals:3 | 24910 ||| FLEEEEING.
 24913 | Shoals:3 | 24913 ||| FLEEEEING.
 24914 | Shoals:3 | 24914 ||| FLEEEEING.
 24916 | Shoals:3 | 24916 ||| STAIRDANCE
 25134 | Shoals:3 | Noticed Polyphemus
 25135 | Shoals:3 | 25135 ||| INVOKING Finesse.
 25138 | Shoals:3 | 25138 ||| Stepping ~*~*~tactically~*~*~ (cloud).
 25141 | Shoals:3 | Received a gift from Okawaru
 25150 | Shoals:3 | 25150 ||| INVOKING Finesse.
 25151 | Shoals:3 | Killed Polyphemus
 25305 | Shoals:3 | Noticed Ilsuiw
 25306 | Shoals:3 | 25306 ||| FLEEEEING.
 25307 | Shoals:3 | 25307 ||| FLEEEEING.
 25308 | Shoals:3 | 25308 ||| FLEEEEING.
 25310 | Shoals:3 | 25310 ||| FLEEEEING.
 25311 | Shoals:3 | 25311 ||| FLEEEEING.
 25312 | Shoals:3 | 25312 ||| FLEEEEING.
 25313 | Shoals:3 | 25313 ||| FLEEEEING.
 25314 | Shoals:3 | 25314 ||| FLEEEEING.
 25315 | Shoals:3 | 25315 ||| FLEEEEING.
 25316 | Shoals:3 | 25316 ||| FLEEEEING.
 25317 | Shoals:3 | 25317 ||| FLEEEEING.
 25318 | Shoals:3 | 25318 ||| FLEEEEING.
 25319 | Shoals:3 | 25319 ||| FLEEEEING.
 25320 | Shoals:3 | 25320 ||| FLEEEEING.
 25415 | Shoals:3 | Noticed a kraken
 25416 | Shoals:3 | 25416 ||| INVOKING Finesse.
 25419 | Shoals:3 | 25419 ||| RETREEEEATING.
 25420 | Shoals:3 | 25420 ||| RETREEEEATING.
 25421 | Shoals:3 | 25421 ||| RETREEEEATING.
 25422 | Shoals:3 | 25422 ||| RETREEEEATING.
 25423 | Shoals:3 | 25423 ||| RETREEEEATING.
 25424 | Shoals:3 | 25424 ||| RETREEEEATING.
 25432 | Shoals:3 | Killed a kraken
 25433 | Shoals:3 | Reached skill level 18 in Ranged Weapons
 25536 | Shoals:3 | 25536 ||| INVOKING Finesse.
 25544 | Shoals:3 | HP: 26/126 [merfolk impaler/+2 trident of pain[Ilsuiw]
                  | (10)]
 25545 | Shoals:3 | 25545 ||| READING 12 scrolls of teleportation.
 25546 | Shoals:3 | 25546 ||| DRINKING 3 potions of heal wounds.
 25549 | Shoals:3 | 25549 ||| FLEEEEING.
 25559 | Shoals:3 | Received a gift from Okawaru
 25651 | Shoals:3 | 25651 ||| RETREEEEATING.
 25652 | Shoals:3 | 25652 ||| RETREEEEATING.
 25657 | Shoals:3 | 25657 ||| RETREEEEATING.
 25662 | Shoals:3 | HP: 31/126 [Ilsuiw/+5 trident of freezing (10)]
 25663 | Shoals:3 | 25663 ||| READING 11 scrolls of teleportation.
 25664 | Shoals:3 | 25664 ||| DRINKING 2 potions of heal wounds.
 25666 | Shoals:3 | 25666 ||| DRINKING potion of heal wounds.
 25809 | Shoals:3 | HP: 29/126 [merfolk impaler/+2 trident of pain[Ilsuiw]
                  | (11)]
 25809 | Shoals:3 | HP: 13/126 [merfolk impaler/+2 trident of pain[Ilsuiw]
                  | (16)]
 25810 | Shoals:3 | 25810 ||| READING 10 scrolls of teleportation.
 25811 | Shoals:3 | Slain by a water elemental

Levels and vault maps discovered:
D:1:      minmay_arrival_four_houses, layout_rooms, amethyst_killhole
D:2:      layout_rooms, basic_altar
D:3:      layout_basic, basic_ecumenical_altar, uniq_natasha, uniq_robin
D:4:      layout_loops_ring, mainiacjoe_overflow_alcove_2,
          regret_index_temple_of_mockery, minmay_temple_entry_oklob,
          hangedman_decor_lopped, uniq_ijyb, uniq_sigmund, uniq_menkaure
D:5:      layout_loops_ring, enter_ossuary_5, gammafunk_ghost_gnarly_gnolls,
          roderic_lattice_a
D:6:      layout_rooms, nicolae_overflow_hidden_temple, minmay_misc_feat_iff
D:7:      due_chaos_kobolds, layout_loops_cross, kennysheep_mini,
          gammafunk_ghost_stat_death, grunt_ministairs_3
D:8:      layout_loops_ring, grunt_temple_overflow_growth_and_decay,
          hangedman_misty_isle
D:9:      layout_basic, kennysheep_orc_monster_closet_entryway,
          nicolae_shop_clearance, uniq_maggie
D:10:     layout_long_grid, mainiacjoe_overflow_boulevard, david_lair_shrubbed,
          serial_library, serial_library_hellmonk_long_bookcase,
          serial_library_hellmonk_layered_room,
          serial_library_hellmonk_junction, serial_library_hellmonk_metal_room,
          serial_library_hellmonk_angled_corner,
          serial_library_hellmonk_layered_room, serial_library_hellmonk_room_a,
          serial_library_hellmonk_filled_rooms, minmay_misc_feat_more_columns,
          minmay_statue_bubble
D:11:     minmay_polygon_palace, layout_cave_pools, trove_entry_hex_spiral,
          minmay_fractal_squares_5
D:12:     layout_basic, uniq_josephine
D:13:     layout_roguey, david_vaults_4, uniq_sonja
D:14:     layout_cave_pools, nicolae_water_bricks
D:15:     grunt_enter_depths_magical_seal, layout_irregular_city,
          minmay_misc_feat_x, nrook_guardian_serpent_double
Temple:   dpeg_chambers_temple
Lair:1:   layout_small_grid, gammafunk_ghost_cemetery, beast_lair_carwin_11,
          serial_bayou_shore_b
Lair:2:   nzn_winding_woodlands_cross [nzn_winding_woodlands_5x15_garden,
          nzn_winding_woodlands_5x15_pockets, nzn_winding_woodlands_5x15_parted,
          nzn_winding_woodlands_5x15_crooked,
          nzn_winding_woodlands_15x15_killbox], layout_regular_city,
          nicolae_snake_entry_warm_welcome, pdpol_lair_neglected_garden
Lair:3:   layout_cave_pods, nicolae_shoals_entry_flooding, serial_bayou_shore_b
Lair:4:   layout_layer_cave, infiniplex_staircase_pool_2, uniq_snorg
Lair:5:   cheibrodos_lair_end_hotspot, layout_loops_ring,
          dpeg_slime_entry_corner, portal_ice_cave_entry_pillars_2,
          gauntlet_entry_generic, kennysheep_rathole
Shoals:1: layout_shoals, uniq_aizul
Shoals:2: layout_shoals, serial_shops, nicolae_shop_window_shopping,
          nicolae_shoals_spring_well_temple
Shoals:3: layout_shoals, uniq_polyphemus, uniq_ilsuiw
Orc:1:    layout_caves, basic_altar, regret_index_minedec_devilstone,
          uniq_maurice
Orc:2:    grunt_orc_gardens, layout_caves, grunt_orc_garden, grunt_orc_garden,
          grunt_orc_garden, grunt_orc_garden, basic_altar

Skill      XL: |  1  2  3  4  5  6  7  8  9 10 11 12 13 14 15 16 17 |
---------------+----------------------------------------------------+-----
Ranged Weapons | 4 5 6 7 8 9 10 11 12 14 15 17 18 | 18.0
Fighting       | 3 4 5 6 7 9 10 11 12 13 | 13.0
Dodging        | 3 4 5 7 8 9 10 12 13 14 15 16 | 16.2
Armour         | 1 3 4 5 6 |  6.0
Invocations    | 1 4 5 8 10 | 10.0
Stealth        | |  0.7

Action                     |  1- 3 |  4- 6 |  7- 9 | 10-12 | 13-15 | 16-18 || total
---------------------------+-------+-------+-------+-------+-------+-------++-------
   Fire: Shortbow          |    88 |   148 |       |       |       |       ||   236
         Orcbow            |       |     3 |   331 |   772 |   753 |       ||  1859
         Arbalest          |       |       |       |       |   380 |       ||   380
         Triple crossbow   |       |       |       |       |   117 |   664 ||   781
 Invoke: Heroism           |       |       |       |     3 |     2 |       ||     5
         Finesse           |       |       |       |    10 |     8 |     8 ||    26
         Receive Weapon    |       |       |       |       |     1 |       ||     1
         Receive Armour    |       |       |       |       |     1 |       ||     1
  Evoke: Wand              |       |     3 |     2 |       |       |       ||     5
    Use: Scroll            |     3 |     6 |    13 |     6 |     6 |     6 ||    40
         Potion            |     1 |       |     3 |     1 |     5 |     3 ||    13
 Armour: Leather armour    |    38 |    26 |       |       |       |       ||    64
         Robe              |       |    44 |    70 |    12 |       |       ||   126
         Ring mail         |       |    20 |       |       |       |       ||    20
         Steam dragon scal |       |       |       |   117 |   174 |       ||   291
         Troll leather arm |       |       |       |       |    76 |   192 ||   268
  Dodge: Dodged            |    55 |   120 |   185 |   460 |   831 |   683 ||  2334
  Block: Other             |       |       |    13 |    97 |   107 |    97 ||   314

Table legend:
 A = Non-vault XP
 B = Vault XP
 C = Vault XP percentage of total XP
 D = Non-vault monster count
 E = Vault monster count
 F = Vault count percentage of total count
                 A         B        C        D         E       F
            +---------+---------+-------+---------+---------+-------
      Total |  135852 |   60935 |  31.0 |     607 |     190 |  23.8
            +---------+---------+-------+---------+---------+-------
        D:1 |      50 |       0 |   0.0 |      28 |       0 |   0.0
        D:2 |      89 |       0 |   0.0 |      29 |       0 |   0.0
        D:3 |     108 |      71 |  39.7 |      13 |      12 |  48.0
        D:4 |     405 |     500 |  55.2 |      21 |       4 |  16.0
        D:5 |     398 |       0 |   0.0 |      11 |       0 |   0.0
        D:6 |    1037 |       0 |   0.0 |      20 |       0 |   0.0
        D:7 |     302 |     197 |  39.5 |      11 |       2 |  15.4
        D:8 |    1449 |     808 |  35.8 |      27 |       6 |  18.2
        D:9 |    2221 |    1882 |  45.9 |      32 |      19 |  37.3
       D:10 |    2587 |    1466 |  36.2 |       9 |       4 |  30.8
       D:11 |    3297 |    9293 |  73.8 |      25 |      26 |  51.0
       D:12 |    1378 |    1766 |  56.2 |      14 |       5 |  26.3
       D:13 |   14971 |    2871 |  16.1 |      37 |       5 |  11.9
       D:14 |    3620 |       0 |   0.0 |      10 |       0 |   0.0
       D:15 |    9064 |    6580 |  42.1 |      14 |      12 |  46.2
     Lair:1 |    9344 |     916 |   8.9 |      42 |       7 |  14.3
     Lair:2 |    3254 |    5681 |  63.6 |      18 |      22 |  55.0
     Lair:3 |    7910 |    1820 |  18.7 |      23 |       2 |   8.0
     Lair:4 |    3850 |     931 |  19.5 |      15 |       1 |   6.2
     Lair:5 |    9239 |    7308 |  44.2 |      31 |      34 |  52.3
   Shoals:1 |   16967 |       0 |   0.0 |      38 |       0 |   0.0
   Shoals:2 |   27762 |    1556 |   5.3 |      51 |       2 |   3.8
   Shoals:3 |   11086 |    7257 |  39.6 |      18 |       9 |  33.3
      Orc:1 |    3520 |     525 |  13.0 |      49 |       1 |   2.0
      Orc:2 |    1944 |    8178 |  80.8 |      21 |      12 |  36.4
   Gauntlet |       0 |    1329 | 100.0 |       0 |       5 | 100.0
            +---------+---------+-------+---------+---------+-------
